Map: Jagannatha EE

Players

Raúl

  • Race: Protoss Protoss
  • League: Master

MaaajorWood - Winner!

  • Race: Zerg Zerg
  • League: Master

VOD

Have the link to the VOD?

Description

Time

  • Played on: Sept. 12, 2021, 1:13 p.m.
  • Length: 14:54
Show
View Real Time Build Order
Export as new Build Order

Raúl Protoss 

Build Orders:  

Get SALT Encoding   

  12  0:00  Probe  
  13  0:13  Probe  
  14  0:18  Pylon  
  14  0:25  Probe  
  15  0:37  Probe (Chrono Boost)  
  15  0:39  Gateway  
  16  0:48  Assimilator  
  16  0:49  Probe (Chrono Boost)  
  17  0:54  Probe (Chrono Boost)  
  18  1:03  Probe  
  20  1:23  Gateway  
  19  1:28  Cybernetics Core  
  19  1:29  Zealot (Chrono Boost)  
  21  1:34  Pylon  
  21  1:38  Probe  
  22  1:50  Probe  
  26  2:11  Adept (Chrono Boost)  
  26  2:14  Pylon, Adept (Chrono Boost)  
  27  2:21  Shield Battery  
  26  2:33  Adept  
  26  2:35  Nexus  
  28  2:41  Probe, Assimilator  
  29  2:54  Probe  
  30  3:01  Stargate  
  30  3:07  Probe  
  30  3:10  Adept  
  33  3:19  Probe  
  34  3:20  Pylon  
  34  3:24  Warp Gate (Chrono Boost)  
  34  3:31  Probe  
  37  3:35  Stalker  
  37  3:45  Void Ray (Chrono Boost)  
  37  3:46  Probe  
  37  3:47  Probe  
  43  3:58  Probe  
  43  4:00  Probe  
  43  4:10  Probe  
  43  4:12  Probe  
  45  4:17  Void Ray (Chrono Boost)  
  45  4:22  Probe  
  46  4:24  Probe  
  51  4:34  Probe  
  51  4:36  Probe  
  47  4:42  Gateway  
  47  4:44  Pylon  
  45  4:46  Probe, Void Ray  
  45  4:48  Probe  
  51  4:55  Pylon  
  51  4:58  Probe  
  52  5:01  Probe  
  53  5:07  Assimilator  
  53  5:09  Assimilator  
  53  5:10  Probe  
  53  5:13  Shield Battery, Probe  
  55  5:15  Sentry, Adept  
  59  5:23  Probe  
  59  5:25  Probe  
  61  5:32  Twilight Council  
  61  5:35  Probe  
  62  5:37  Probe  
  63  5:47  Probe, Nexus  
  63  5:49  Probe, Pylon  
  65  5:55  Adept  
  67  5:58  Adept  
  67  5:59  Probe  
  67  6:01  Probe  
  71  6:04  Pylon  
  72  6:11  Probe, Charge (Chrono Boost)  
  72  6:13  Probe  
  73  6:21  Gateway  
  73  6:22  Gateway  
  73  6:23  Probe  
  75  6:25  Probe  
  79  6:34  Zealot x2  
  79  6:35  Probe  
  79  6:36  Sentry  
  79  6:37  Probe  
  83  6:40  Robotics Facility  
  83  6:44  Shield Battery  
  83  6:47  Probe  
  83  6:49  Probe  
  81  6:59  Zealot x3, Probe  
  81  7:01  Probe  
  89  7:02  Probe  
  89  7:04  Gateway  
  89  7:06  Gateway  
  90  7:11  Probe  
  90  7:13  Probe  
  90  7:14  Probe  
  93  7:23  Assimilator  
  93  7:24  Assimilator  
  93  7:25  Blink (Chrono Boost)  
  93  7:27  Gateway  
  93  7:29  Robotics Bay, Gateway  
  93  7:32  Zealot, Forge  
  93  7:33  Zealot  
  93  7:37  Sentry x3  
  99  7:45  Probe x3  
  102  7:51  Templar Archives  
  102  7:56  Zealot x2, Protoss Ground Weapons Level 1 (Chrono Boost)  
  102  7:57  Robotics Facility  
  106  8:01  Zealot  
  106  8:04  Pylon  
  108  8:08  Pylon  
  108  8:09  Pylon  
  108  8:18  Pylon  
  108  8:19  Colossus (Chrono Boost), Pylon  
  104  8:26  Extended Thermal Lance  
  110  8:27  Zealot x2  
  110  8:28  Zealot  
  110  8:31  Zealot  
  110  8:32  Zealot  
  110  8:33  Probe  
  119  8:37  Probe x2  
  103  8:44  Zealot x4  
  103  8:48  Probe  
  110  8:49  Probe  
  109  8:57  Zealot x4  
  109  8:58  Zealot  
  119  9:05  High Templar x4  
  130  9:13  Nexus  
  130  9:14  Probe  
  130  9:15  Probe x2  
  130  9:18  Disruptor (Chrono Boost)  
  132  9:26  Probe  
  132  9:27  Probe  
  132  9:28  Probe  
  132  9:29  Disruptor (Chrono Boost)  
  132  9:30  Archon  
  127  9:31  Archon  
  127  9:38  High Templar x2  
  131  9:43  Probe x3  
  131  9:45  Disruptor (Chrono Boost), Protoss Ground Weapons Level 2 (Chrono Boost)  
  137  9:47  Pylon  
  137  9:51  Photon Cannon x2, Disruptor (Chrono Boost)  
  137  9:52  Archon  
  140  10:06  Probe x3  
  143  10:08  Disruptor (Chrono Boost)  
  143  10:10  Assimilator  
  143  10:13  Disruptor (Chrono Boost), Assimilator  
  146  10:18  Probe, Photon Cannon  
  150  10:21  Photon Cannon  
  150  10:23  Shield Battery  
  150  10:29  Probe x3  
  150  10:32  Pylon  
  150  10:33  Pylon  
  156  10:36  Disruptor (Chrono Boost), Pylon  
  156  10:37  Disruptor (Chrono Boost)  
  159  10:45  Zealot x2, High Templar x2  
  159  10:46  Zealot  
  169  10:51  Archon, Pylon  
  169  10:54  Pylon  
  169  11:00  Zealot x4  
  169  11:03  Disruptor  
  180  11:10  Zealot x3  
  189  11:14  Pylon  
  189  11:20  Photon Cannon  
  189  11:21  Shield Battery  
  150  11:40  Immortal x2, Stalker x4  
  150  11:41  Stalker x3  
  150  11:42  Stalker x2  
  138  12:05  Stalker x4  
  138  12:06  Stalker x4  
  138  12:07  Stalker  
  156  12:18  Disruptor  
  156  12:19  Immortal  
  156  12:20  Pylon  
  163  12:24  Probe x2  
  163  12:25  Probe x2  
  157  12:36  Probe x2  
  150  12:38  High Templar  
  150  12:39  High Templar x3  
  150  12:44  Archon x2, Assimilator  
  151  12:45  Assimilator  
  151  12:46  Zealot x2  
  151  12:47  Zealot x3  
  145  12:54  Disruptor (Chrono Boost)  
  144  13:05  Immortal (Chrono Boost)  
  144  13:16  Probe x2  
  144  13:17  Probe x2  
  148  13:21  Observer (Chrono Boost)  
  145  13:30  High Templar  
  145  13:31  High Templar x3  
  145  13:32  Zealot x5, Pylon  
  153  13:35  Nexus  
  153  13:37  Assimilator, Archon x2  
  153  13:39  Immortal (Chrono Boost), Assimilator  
  136  13:41  Disruptor (Chrono Boost)  
  139  13:50  Probe x2  
  141  13:58  Zealot x2, High Templar  
  141  13:59  Zealot x2  
  114  14:11  Disruptor x2 (Chrono Boost)  
  114  14:12  Zealot x3  
  114  14:13  Zealot  
  113  14:23  Zealot x2  
  113  14:24  Zealot x2  
  109  14:37  Probe x2  
  115  14:49  Zealot x3, High Templar x2  
  115  14:51  Zealot  
  115  14:52  Zealot x3  
Show
View Real Time Build Order
Export as new Build Order

MaaajorWood Zerg - Winner!

Build Orders: Pool First 

Get SALT Encoding   

  12  0:00  Drone  
  13  0:08  Drone  
  14  0:25  Spawning Pool  
  14  0:28  Drone  
  14  0:36  Overlord  
  14  0:41  Extractor  
  14  0:42  Drone  
  14  0:54  Drone x2  
  16  1:01  Drone  
  17  1:12  Queen  
  17  1:13  Zergling x2  
  20  1:22  Overlord  
  20  1:33  Drone  
  21  1:43  Hatchery  
  21  1:46  Drone  
  21  1:57  Queen  
  23  2:04  Metabolic Boost  
  23  2:09  Drone  
  23  2:11  Drone  
  25  2:18  Drone  
  25  2:20  Drone  
  25  2:22  Drone  
  28  2:27  Drone  
  29  2:31  Extractor  
  28  2:40  Overlord  
  28  2:42  Drone  
  29  2:50  Drone  
  30  2:51  Lair  
  30  2:58  Drone  
  31  3:03  Drone  
  32  3:07  Drone x3  
  32  3:08  Drone  
  36  3:14  Drone  
  36  3:17  Drone  
  38  3:27  Drone  
  38  3:28  Queen, Drone x2  
  43  3:35  Overlord  
  43  3:40  Drone  
  44  3:45  Evolution Chamber x2  
  44  3:47  Drone x2  
  43  4:08  Hydralisk Den  
  43  4:09  Drone x2  
  44  4:10  Drone x5  
  44  4:13  Zerg Missile Weapons Level 1, Zerg Ground Armor Level 1  
  44  4:16  Extractor  
  48  4:18  Extractor  
  48  4:19  Queen  
  48  4:22  Overlord  
  44  4:41  Drone x3  
  44  4:42  Drone x3  
  50  4:48  Grooved Spines  
  50  4:49  Overlord  
  50  5:12  Drone x2  
  50  5:13  Hydralisk x3  
  50  5:14  Hydralisk  
  60  5:25  Overlord x2  
  60  5:29  Hatchery  
  60  5:34  Spore Crawler  
  58  6:00  Hydralisk x5  
  58  6:03  Overlord x4  
  68  6:21  Zerg Missile Weapons Level 2, Zerg Ground Armor Level 2  
  68  6:26  Overseer  
  68  6:27  Pneumatized Carapace  
  68  6:28  Infestation Pit  
  67  6:50  Drone x6  
  67  6:51  Drone x4  
  67  6:52  Drone x6  
  83  6:56  Drone x2  
  85  7:10  Overlord  
  85  7:11  Overlord x2  
  85  7:14  Hive  
  85  7:27  Roach Warren  
  84  7:36  Extractor  
  83  7:39  Extractor, Drone  
  83  7:40  Overlord x3  
  83  7:45  Drone x3  
  83  7:46  Drone  
  83  7:47  Drone x2  
  83  7:48  Hydralisk x2  
  83  7:49  Hydralisk, Hatchery  
  94  8:04  Hydralisk x2  
  94  8:05  Hydralisk x4  
  106  8:21  Glial Reconstitution  
  106  8:24  Drone x4  
  106  8:25  Drone x6  
  116  8:34  Roach x3  
  114  8:43  Roach x9  
  114  8:44  Roach  
  134  8:50  Zerg Missile Weapons Level 3  
  132  8:55  Roach  
  132  8:56  Roach x3  
  138  9:07  Zerg Ground Armor Level 3  
  138  9:13  Ultralisk Cavern, Roach  
  138  9:14  Roach x4  
  147  9:33  Extractor  
  147  9:34  Spore Crawler  
  147  9:35  Extractor  
  147  9:37  Spine Crawler  
  143  9:40  Drone x3  
  143  9:41  Drone x2  
  143  9:42  Drone x2  
  143  9:43  Drone x4  
  143  9:44  Overlord  
  143  9:45  Overlord x5  
  154  9:51  Overseer  
  154  10:00  Chitinous Plating  
  154  10:01  Hatchery  
  154  10:02  Muscular Augments  
  153  10:33  Ultralisk x3  
  153  10:34  Ultralisk x2  
  183  10:43  Ultralisk  
  189  11:05  Ultralisk  
  189  11:08  Hydralisk  
  189  11:09  Hydralisk  
  199  11:19  Anabolic Synthesis  
  199  11:20  Drone  
  200  11:27  Zerg Melee Weapons Level 1  
  154  11:33  Ultralisk  
  154  11:34  Ultralisk x4  
  154  11:38  Zergling x28  
  154  11:39  Zergling x2  
  200  11:40  Zergling x2  
  174  12:03  Roach  
  174  12:04  Roach x12  
  174  12:05  Roach x3  
  192  12:09  Overlord x2  
  192  12:10  Overseer x2  
  181  12:51  Ultralisk x4  
  180  13:01  Zergling x2  
  180  13:02  Zergling x44  
  180  13:03  Zergling x6  
  180  13:04  Adrenal Glands  
  199  13:28  Hatchery  
  138  14:21  Hydralisk x15  
  138  14:22  Hydralisk x22  
  138  14:23  Hydralisk  
  200  14:24  Hydralisk  
Tags
 
Add a new tag
Caveats
  • Supply blocks, unpowered buildings, or Contaminate may cause inaccurate times.
  • Supply counts are checked every 10 seconds.